 Dungeon Crawl Stone Soup version 0.19-a0-1201-gda63bca (webtiles) character file.

4118 Gorice the Jinx (level 10, -3/50 HPs)
             Began as a Kobold Enchanter on Aug 20, 2016.
             Was an Elder of Okawaru.
             Slain by a hill giant
             ... wielding a +0 giant club
              (32 damage)
             ... on level 10 of the Dungeon.
             The game lasted 01:02:56 (14042 turns).

Gorice the Jinx (Kobold Enchanter)                 Turns: 14042, Time: 01:02:57

Health: -3/50      AC:  9    Str:  9    XL:     10   Next: 51%
Magic:  10/18      EV: 16    Int: 18    God:    Okawaru [****..]
Gold:   544        SH:  0    Dex: 21    Spells: 4 memorised, 11 levels left

rFire  . . .     SeeInvis .     a - +0 rapier (drain)
rCold  . . .     Gourm    .     P - +0 steam dragon armour
rNeg   . . .     Faith    .     (shield restricted)
rPois  +         Spirit   .     O - +0 helmet
rElec  .         Dismiss  .     (no cloak)
rCorr  .         Reflect  .     K - +1 pair of gloves
MR     +....     Harm     .     I - +0 pair of boots of the Hippo {Str+2 Dex+4} (curse)
Stlth  +++.......               (no amulet)
                                C - ring of poison resistance
                                A - ring of protection from magic

@: no status effects
A: carnivore 3, clever 1
a: Heroism, Renounce Religion


You were on level 10 of the Dungeon.
You worshipped Okawaru.
Okawaru was greatly pleased with you.
You were completely stuffed.

You visited 2 branches of the dungeon, and saw 11 of its levels.

You collected 544 gold pieces.

Inventory:

Hand Weapons
 a - a +0 rapier of draining (weapon)
   (You took it off Eustachio on level 4 of the Dungeon)
 b - a +2 dagger
 h - a cursed -2 hand axe
 t - a +0 flail of draining
   (You found it on level 3 of the Dungeon)
 v - a +0 scimitar
 B - a +0 blowgun
Missiles
 i - 6 needles of confusion
 q - 99 poisoned needles
 s - 7 tomahawks (quivered)
 u - 117 sling bullets
 H - 5 needles of frenzy
 Y - a throwing net
 Z - 323 stones
Armour
 k - a +0 ring mail
 m - a +1 robe
 I - the cursed +0 pair of boots of the Hippo (worn) {Str+2 Dex+4}
   (You found it on level 8 of the Dungeon)

   It affects your strength (+2).
   It affects your dexterity (+4).
   It has a curse placed upon it.
 K - a +1 pair of gloves (worn)
 M - a +0 chain mail of fire resistance
   (You found it on level 8 of the Dungeon)
 O - a +0 helmet (worn)
 P - a +0 steam dragon armour (worn)
Jewellery
 w - an uncursed amulet of guardian spirit
 A - a ring of protection from magic (left hand)
 C - a ring of poison resistance (right hand)
Wands
 x - a wand of slowing (7/48)
 F - a wand of acid (11/15)
 J - a wand of flame (24/48)
 Q - a wand of iceblast (5/15)
Scrolls
 o - 2 scrolls of magic mapping {!r}
 p - 3 scrolls of remove curse
 r - a scroll of enchant weapon
 y - 2 scrolls of noise {!r}
 G - a scroll of enchant armour
Potions
 e - 2 potions of brilliance {!q}
 f - a potion of cure mutation {!q}
 j - a potion of cancellation {!q}
 l - 3 potions of heal wounds {!q}
 z - 2 potions of agility {!q}
 D - 2 potions of curing
 E - a potion of invisibility {!q}
 N - a potion of berserk rage {unknown}
Books
 c - a book of Maledictions
 n - a book of Debilitation
Comestibles
 d - 2 meat rations {!e}
 g - 7 beef jerkies
 L - 2 chunks of flesh


   Skills:
 - Level 10.0 Short Blades
 - Level 2.4 Dodging
 - Level 4.0 Stealth
 + Level 5.5 Spellcasting
 * Level 11.3 Hexes


You had 11 spell levels left.
You knew the following spells:

 Your Spells              Type           Power        Failure   Level  Hunger
a - Corona                Hex            #####..      1%          1    None
b - Ensorcelled Hibernat  Hex/Ice        ####..       1%          2    #......
c - Confuse               Hex            #####...     1%          3    ##.....
d - Tukima's Dance        Hex            #####...     1%          3    ##.....


Dungeon Overview and Level Annotations

Branches:
Dungeon (10/15)            Temple (1/1) D:4
   Lair: D:8-11         Orc: D:9-12

Altars:
Ashenzari
Cheibriados
Dithmenos
Elyvilon
Fedhas
Gozag
Hepliaklqana
Kikubaaqudgha
Makhleb
Nemelex Xobeh
Okawaru
Qazlal
Ru
Sif Muna
Trog
Uskayaw
Vehumet
Xom
Yredelemnul
Zin
The Shining One


Innate Abilities, Weirdness & Mutations

You are small and have problems with some larger weapons.
You are carnivorous and can eat meat at any time.
Your mind is acute. (Int +2)


Message History

An adder comes into view.
The adder hisses angrily.
Casting: Ensorcelled Hibernation
Confirm with . or Enter, or press ? or * to list all spells.
Aiming: Ensorcelled Hibernation
Press: ? - help, Shift-Dir - straight line, f - adder
Aim: an adder (chance to defeat MR: 63%)
The adder looks drowsy...
The helpless adder fails to defend itself.
You skewer the adder like a kebab!!!
You kill the adder!
Okawaru accepts your kill.
You see here an adder corpse.
You butcher the adder corpse.
L - 2 chunks of flesh (gained 1)
A hill giant comes into view. It is wielding a giant club.
You start resting.
Magic restored.
Casting: Ensorcelled Hibernation
Confirm with . or Enter, or press ? or * to list all spells.
Aiming: Ensorcelled Hibernation
Press: ? - help, Shift-Dir - straight line, f - hill giant
Aim: a hill giant, wielding a giant club (chance to defeat MR: 37%)
Okay, then.
Casting: Ensorcelled Hibernation
Confirm with . or Enter, or press ? or * to list all spells.
Aiming: Confuse
Press: ? - help, Shift-Dir - straight line, f - hill giant
Aim: a hill giant, wielding a giant club (chance to defeat MR: 52%)
The hill giant resists with significant effort.
The hill giant completely misses you.
Casting: Confuse
Confirm with . or Enter, or press ? or * to list all spells.
Aiming: Confuse
Press: ? - help, Shift-Dir - straight line, f/p - hill giant
Aim: a hill giant, wielding a giant club (chance to defeat MR: 52%)
The hill giant resists with significant effort.
The hill giant hits you with a giant club!!
Damage: 21 (max 21)
Casting: Confuse
Confirm with . or Enter, or press ? or * to list all spells.
Aiming: Confuse
Press: ? - help, Shift-Dir - straight line, f/p - hill giant
Aim: a hill giant, wielding a giant club (chance to defeat MR: 52%)
The hill giant appears confused.
You sense an unholy aura.
a - a +0 rapier of draining (weapon)
The hill giant hits you with a giant club!!
Ouch! That really hurt!
You die...

...#. ...#.#
#....# #.....
.....#######
.........
#....# #.C..# .
#.@..#####
....##.........
..........#####
....####.## #.#
#.# # #.# #.#
#.# ######.####


You could see a hill giant (confused).

Vanquished Creatures
  The ghost of epen the Martial Artist, a novice MfMo of Cheibriados (D:8)
  Eustachio (D:4)
  A hippogriff (D:9)
  A hungry ghost (D:7)
  A steam dragon (D:9)
  An ice beast (D:4)
  2 sky beasts
  A phantom (D:4)
  4 ogres
  2 centaurs
  A big kobold (D:9)
  5 giant frogs
  A wyvern zombie (D:9)
  4 scorpions
  A wyvern skeleton (D:8)
  7 killer bees
  2 wights (D:6)
  2 howler monkeys
  5 crimson imps
  3 jellies
  A hound (D:9)
  5 orc priests
  A giant frog skeleton (D:8)
  3 iguanas
  5 orc wizards
  A killer bee zombie (D:9)
  2 worker ants
  A hound zombie (D:8)
  12 adders
  4 shadow imps
  An ooze (D:3)
  2 adder zombies
  2 adder skeletons
  3 worms
  3 dart slugs (D:1)
  7 giant geckos
  17 orcs
  2 bat zombies (D:5)
  A giant cockroach (D:2)
  8 goblins
  6 hobgoblins
  3 jackals
  3 quokkas
  A ball python (D:1)
  13 bats
  5 giant newts
  11 kobolds
  8 rats
  A rat zombie (D:5)
178 creatures vanquished.

Vanquished Creatures (collateral kills)
  2 wights (D:6)
2 creatures vanquished.

Vanquished Creatures (others)
  A dancing weapon (D:6)
1 creature vanquished.

Grand Total: 181 creatures vanquished

Notes
Turn   | Place    | Note
-------+----------+-------------------------------------------
     0 | D:1      | Gorice the Kobold Enchanter began the quest for the Orb.
     0 | D:1      | Reached XP level 1. HP: 10/10 MP: 3/3
   471 | D:1      | Reached skill level 2 in Short Blades
   471 | D:1      | Reached XP level 2. HP: 9/15 MP: 3/5
   591 | D:1      | Learned a level 2 spell: Ensorcelled Hibernation
  1029 | D:1      | Reached XP level 3. HP: 8/19 MP: 3/6
  1034 | D:1      | Learned a level 3 spell: Confuse
  1529 | D:1      | Reached skill level 3 in Short Blades
  2039 | D:2      | Reached XP level 4. HP: 24/24 MP: 7/7
  2432 | D:3      | Reached skill level 4 in Short Blades
  2432 | D:3      | Reached skill level 4 in Hexes
  2626 | D:3      | HP: 3/24 [orc/hand axe (7)]
  2910 | D:2      | Noticed an orc warrior
  3266 | D:3      | Reached XP level 5. HP: 18/28 MP: 1/8
  3318 | D:2      | HP: 10/42 [orc wizard/magic dart (8)]
  3876 | D:4      | Noticed Eustachio
  3917 | D:4      | Killed Eustachio
  3917 | D:4      | Reached skill level 5 in Short Blades
  3917 | D:4      | Reached skill level 5 in Hexes
  3917 | D:4      | Reached XP level 6. HP: 11/32 MP: 2/9
  4331 | D:4      | Found a staircase to the Ecumenical Temple.
  4341 | Temple   | Entered the Ecumenical Temple
  4488 | Temple   | Became a worshipper of Warmaster Okawaru
  4532 | D:4      | Reached skill level 6 in Short Blades
  4681 | D:4      | Noticed a phantom
  4910 | D:4      | HP: 7/32 [phantom (7)]
  5076 | D:3      | Reached XP level 7. HP: 26/36 MP: 3/10
  6270 | D:4      | Reached skill level 6 in Hexes
  6304 | D:5      | Entered Level 5 of the Dungeon
  6519 | D:4      | HP: 6/36 [phantom (6)]
  6775 | D:4      | Reached skill level 7 in Short Blades
  7171 | D:4      | Learned a level 3 spell: Tukima's Dance
  7295 | D:5      | Reached XP level 8. HP: 41/41 MP: 6/11
  7483 | D:5      | Reached skill level 8 in Short Blades
  7561 | D:5      | Found an ancient bone altar of Kikubaaqudgha.
  7879 | D:5      | Found a shadowy altar of Dithmenos.
  8096 | D:5      | Reached skill level 7 in Hexes
  8514 | D:6      | Reached * piety under Okawaru
  9235 | D:5      | HP: 12/41 [ice beast (14)]
  9236 | D:5      | HP: 5/41 [ice beast (6)]
  9255 | D:5      | HP: 3/41 [ice beast (13)]
  9558 | D:4      | Reached skill level 9 in Short Blades
 10066 | D:6      | Reached ** piety under Okawaru
 10066 | D:6      | Reached skill level 8 in Hexes
 10164 | D:6      | Reached XP level 9. HP: 24/45 MP: 5/12
 10710 | D:7      | Reached skill level 10 in Short Blades
 10744 | D:7      | Found a shattered altar of Ashenzari.
 11396 | D:8      | Reached skill level 9 in Hexes
 11399 | D:8      | Got a pair of pitted boots
 11405 | D:8      | Identified the cursed +0 pair of boots of the Hippo {Str+2 Dex+4} (You found it on level 8 of the Dungeon)
 11606 | D:8      | Noticed epen's ghost (novice MfMo)
 11671 | D:8      | Reached skill level 3 in Spellcasting
 11685 | D:8      | Gained mutation: Your mind is acute. (Int +2) [potion of beneficial mutation]
 12775 | D:8      | Killed epen's ghost
 12775 | D:8      | Reached *** piety under Okawaru
 12775 | D:8      | Reached skill level 4 in Spellcasting
 12775 | D:8      | Reached skill level 10 in Hexes
 12775 | D:8      | Reached XP level 10. HP: 20/50 MP: 8/16
 13007 | D:9      | Found a glowing golden altar of the Shining One.
 13249 | D:9      | Found a sparkling altar of Nemelex Xobeh.
 13348 | D:9      | Reached skill level 5 in Spellcasting
 13359 | D:9      | Reached skill level 11 in Hexes
 13706 | D:9      | Reached **** piety under Okawaru
 13753 | D:9      | Found a hide-covered altar of Uskayaw.
 13991 | D:10     | Entered Level 10 of the Dungeon
 14023 | D:10     | Noticed a hill giant
 14042 | D:10     | Slain by a hill giant

Vault maps used:
D:1:      dpeg_arrival_houses_and_road
D:3:      first_bread
D:4:      uniq_eustachio
D:5:      lemuel_zombie_altar_kikubaaqudgha,
          nicolae_dithmenos_through_a_glass_darkly
D:6:      grunt_decor_mini_mirrors
D:7:      kennysheep_little_box, grunt_ogre_cave
D:9:      lemuel_coloured_pillars_altar, nemelex_altar_shiori, basic_altar
D:10:     david_lair_generic
Temple:   nicolae_temple_elliptical

Skill      XL: |  1  2  3  4  5  6  7  8  9 10 |
---------------+-------------------------------+-----
Short Blades   | 2 3 4 5 6 7 9 10 | 10.0
Hexes          | 4 5 6 8 10 11 | 11.3
Spellcasting   | 4 5 |  5.5
Dodging        | |  2.4
Stealth        | |  4.0

Action                   |  1- 3 |  4- 6 |  7- 9 | 10-12 || total
-------------------------+-------+-------+-------+-------++-------
Melee: Dagger            |   102 |   127 |   128 |    42 ||   399
       Rapier            |       |    10 |   392 |    40 ||   442
Throw: Tomahawk          |       |     4 |       |       ||     4
 Cast: Corona            |    26 |    24 |    91 |     9 ||   150
       Confuse           |     1 |    22 |    70 |    13 ||   106
       Ensorcelled Hiber |       |       |    27 |    21 ||    48
       Tukima's Dance    |       |       |     5 |     1 ||     6
Evoke: Wand              |       |       |     4 |       ||     4
  Use: Scroll            |     4 |     5 |     9 |     4 ||    22
       Potion            |       |     2 |     2 |       ||     4
 Stab: Sleeping          |    12 |     7 |    28 |    13 ||    60
       Confused          |       |     8 |    27 |     9 ||    44
       Distracted        |       |       |     1 |       ||     1
  Eat: Chunk             |    13 |     9 |    32 |     7 ||    61
       Meat ration       |       |       |     1 |       ||     1
Armor: Robe              |    17 |    12 |    64 |     8 ||   101
       Skin              |       |    32 |       |       ||    32
Dodge: Dodged            |    75 |    49 |   318 |    46 ||   488

Table legend:
 A = Turns spent in this place as a percentage of turns spent in the entire game.
 B = Non-inter-level travel turns spent in this place as a percentage of non-inter-level travel turns spent in the entire game.
 C = Inter-level travel turns spent in this place as a percentage of turns spent in this place.
 D = Turns resting spent in this place as a percentage of non-inter-level travel turns spent in this place.
 E = Turns spent auto-exploring this place as a percentage of non-inter-level travel turns spent in this place.
 F = Non-inter-level travel turns spent in this place divided by the number of levels of this place that you've seen.
                   A       B       C       D       E      F
               +-------+-------+-------+-------+-------+----------------------
         Total | 100.0 | 100.0 |   0.5 |   4.6 |   4.7 | 395.0
       Dungeon |  99.2 |  99.2 |   0.5 |   4.7 |   4.4 | 431.1
        Temple |   0.8 |   0.8 |   2.9 |   0.0 |  41.2 |  34.0
               +-------+-------+-------+-------+-------+----------------------

Vault maps used:
D:1:      dpeg_arrival_houses_and_road
D:3:      first_bread
D:4:      uniq_eustachio
D:5:      lemuel_zombie_altar_kikubaaqudgha,
          nicolae_dithmenos_through_a_glass_darkly
D:6:      grunt_decor_mini_mirrors
D:7:      kennysheep_little_box, grunt_ogre_cave
D:9:      lemuel_coloured_pillars_altar, nemelex_altar_shiori, basic_altar
D:10:     david_lair_generic
Temple:   nicolae_temple_elliptical
